 Dungeon Crawl Stone Soup version 0.27.0-1-g7a089689b8 (webtiles) character file.

Game seed: 49838927463816820

209 Treizu the Fighter (level 5, 0/54 HPs)
             Began as a Gnoll Wanderer on July 31, 2021.
             Was a Follower of Uskayaw.
             Slain by a yak (4 damage)
             ... on level 7 of the Dungeon.
             The game lasted 00:19:25 (3456 turns).

Treizu the Fighter (Gnoll Wanderer)                 Turns: 3456, Time: 00:19:26

Health: 0/54       AC: 13    Str: 10 (12) XL:     5   Next: 87%
Magic:  2/7        EV:  2    Int:  7 (10) God:    Uskayaw [*.....]
Gold:   73         SH:  0    Dex: 12 (13) Spells: 7/7 levels left

rFire    + . .     SeeInvis .   a - +2 spear
rCold    + . .     Faith    .   (no shield)
rNeg     . . .     Spirit   .   o - +0 plate armour
rPois    +         Reflect  .   z - +0 helmet
rElec    +         Harm     .   (no cloak)
rCorr    +         Rampage  .   A - +0 pair of gloves
Will     .....                  (no boots)
Stlth    ..........             (no amulet)
HPRegen  0.18/turn              (no ring)
MPRegen  0.10/turn              (no ring)

@: resistant, attractive
A: fangs 1, strong nose, distributed training
a: Renounce Religion, Stomp


You were on level 7 of the Dungeon.
You worshipped Uskayaw.
Uskayaw was noncommittal.
You visited 1 branch of the dungeon, and saw 5 of its levels.

You collected 73 gold pieces.

Inventory:

Hand Weapons
 a - a +2 spear (weapon)
 g - a +1 dagger of speed
 i - a +0 hunting sling
 t - a +0 short sword
Missiles
 k - 55 poisoned darts
 q - 104 stones
 v - 19 sling bullets
 y - 2 silver boomerangs
Armour
 d - a +0 robe
 j - a +0 ring mail
 n - a +0 chain mail
 o - a +0 plate armour (worn)
 z - a +0 helmet (worn)
 A - a +0 pair of gloves (worn)
Wands
 w - a wand of iceblast (25)
Scrolls
 e - 3 scrolls of identify {unknown}
 f - a scroll of torment {unknown}
 h - a scroll of enchant armour {unknown}
 l - 2 scrolls of amnesia
 p - a scroll of enchant weapon {unknown}
 r - a scroll of brand weapon {unknown}
 u - a scroll of fear {unknown}
 x - a scroll of magic mapping {unknown}
Potions
 c - 4 potions of curing
 s - a potion of degeneration


   Skills:
 + Level 10.4 Fighting
 + Level 1.6 Short Blades
 + Level 1.6 Long Blades
 + Level 1.6 Axes
 + Level 1.6 Maces & Flails
 + Level 3.1 Polearms
 + Level 1.6 Staves
 + Level 1.6 Slings
 + Level 3.1 Bows
 + Level 1.6 Crossbows
 + Level 1.6 Throwing
 + Level 3.1 Armour
 + Level 1.6 Dodging
 + Level 1.6 Stealth
 + Level 1.6 Shields
 + Level 1.6 Unarmed Combat
 + Level 1.6 Spellcasting
 + Level 1.3 Conjurations
 + Level 1.3 Hexes
 + Level 1.3 Summonings
 + Level 1.3 Necromancy
 + Level 1.3 Translocations
 + Level 1.3 Transmutations
 + Level 1.3 Fire Magic
 + Level 1.3 Ice Magic
 + Level 1.3 Air Magic
 + Level 1.3 Earth Magic
 + Level 1.3 Poison Magic
 + Level 1.9 Invocations
 + Level 4.8 Evocations


You had 7 spell levels left.
You didn't know any spells.
Your spell library contained the following spells:

 Spells                   Type           Power      Damage    Failure   Level
 Shock                    Conj/Air       8%         1d3       100%        1
 Sublimation of Blood     Necr           1%         N/A       100%        2
 Conjure Flame            Conj/Fire      2%         6-21      100%        3
 Ignite Poison            Fire/Tmut/Pois 2%         N/A       100%        3
 Airstrike                Air            1%         N/A       100%        4
 Sticky Flame             Conj/Fire      2%         2d3       100%        4
 Agony                    Necr           2%         N/A       100%        5


Dungeon Overview and Level Annotations

Branches:
Dungeon (4/15)
 Temple: D:4-7

Altars:
Nemelex Xobeh
Uskayaw

Annotations:
D:7 Pikel


Innate Abilities, Weirdness & Mutations

You have very sharp teeth.
Your uncanny sense of smell can sniff out nearby items.
Your experience applies equally to all skills.


Message History

* * * LOW HITPOINT WARNING * * *
Uskayaw will force your foes to helplessly watch your dance.
Uskayaw prepares the audience for your solo!
The helpless yak fails to defend itself.
You hit the yak but do no damage.
The yak is lightly wounded.
The yak is no longer paralysed. x3; The yak gores you but does no damage.
You hit the yak but do no damage.
The yak is lightly wounded.
The yak gores you!
* * * LOW HITPOINT WARNING * * *
Okay, then.
As you read the scroll labelled IVUNLU GAPT, it crumbles to dust.
It is a scroll of amnesia.
You feel forgetful for a moment. The yak gores you.
* * * LOW HITPOINT WARNING * * *
Aiming: Iceblast
Press: ? - help, Q - select action, (/) - cycle Shift-Dir - straight line, f - yak
Aim: a yak (severely wounded)
Okay, then.
Aiming: Line Pass
Press: ? - help, Dir - move target The yak appears confused. x2
The yak gores you but does no damage.
The yak gores the yak but does no damage.
The yak gores itself!
The yak gores the yak!
The yak seems less confused. x2; The yak gores you.
* * * LOW HITPOINT WARNING * * *
You can no longer pass through a line of other dancers.
Found a scroll labelled YCINEPR VILA.
There is an open door here.
It was a potion of attraction.
You feel attractive to monsters. The yak gores you but does no damage.
The yak is pulled toward you! x3
It was a potion of resistance.
You feel protected. The yak gores you.
* * * LOW HITPOINT WARNING * * *
The yak gores you.
You die...

#..#.........##
#.#
##.......#####
#.# ######.##
#....# #Y#
####.# #Y# #
##Y## ##.Y.##
##...Y.##
#...@...#
#........#
+........#
#........#
##.....?.#
##.....##
##...## ##+##


You could see 5 yaks.

Vanquished Creatures
  A scorpion (D:7)
  An iguana (D:4)
  An orc wizard (D:4)
  2 adders
  4 worms
  2 dart slugs (D:3)
  5 orcs
  2 ball pythons (D:3)
  8 bats
  2 endoplasms
  4 giant cockroaches
  7 goblins
  9 hobgoblins
  3 frilled lizards
  4 kobolds
  6 rats
61 creatures vanquished.

Vanquished Creatures (others)
  6 fungi (D:1)
  4 plants
10 creatures vanquished.

Grand Total: 71 creatures vanquished

Notes
Turn   | Place    | Note
-------+----------+-------------------------------------------
     0 | D:1      | Reached skill level 10 in Fighting
     0 | D:1      | Treizu the Gnoll Wanderer began the quest for the Orb.
     0 | D:1      | Treizu set off with the following items: a +2 spear, a
                  | scroll of teleportation, a potion of curing, a +0 robe
     0 | D:1      | Reached XP level 1. HP: 28/28 MP: 1/1
   308 | D:1      | Found a faded altar of an unknown god.
   316 | D:1      | Reached XP level 2. HP: 36/36 MP: 2/2
   331 | D:1      | Became a worshipper of Uskayaw the Reveller
   331 | D:1      | Reached * piety under Uskayaw
   742 | D:1      | Reached ** piety under Uskayaw
  1073 | D:2      | Reached XP level 3. HP: 31/42 MP: 3/3
  1534 | D:2      | Found a sparkling altar of Nemelex Xobeh.
  1593 | D:2      | Reached skill level 1 in Invocations
  1814 | D:2      | Got the Catalogue of Sinister Feathers
  1835 | D:2      | Reached skill level 1 in Short Blades
  1835 | D:2      | Reached skill level 1 in Long Blades
  1835 | D:2      | Reached skill level 1 in Axes
  1835 | D:2      | Reached skill level 1 in Maces & Flails
  1835 | D:2      | Reached skill level 1 in Staves
  1835 | D:2      | Reached skill level 1 in Slings
  1835 | D:2      | Reached skill level 1 in Crossbows
  1835 | D:2      | Reached skill level 1 in Throwing
  1835 | D:2      | Reached skill level 1 in Dodging
  1835 | D:2      | Reached skill level 1 in Stealth
  1835 | D:2      | Reached skill level 1 in Shields
  1835 | D:2      | Reached skill level 1 in Unarmed Combat
  1835 | D:2      | Reached skill level 1 in Spellcasting
  2141 | D:3      | Reached XP level 4. HP: 42/48 MP: 5/5
  2186 | D:3      | Reached *** piety under Uskayaw
  2569 | D:3      | Reached skill level 1 in Conjurations
  2569 | D:3      | Reached skill level 1 in Hexes
  2569 | D:3      | Reached skill level 1 in Summonings
  2569 | D:3      | Reached skill level 1 in Necromancy
  2569 | D:3      | Reached skill level 1 in Translocations
  2569 | D:3      | Reached skill level 1 in Transmutations
  2569 | D:3      | Reached skill level 1 in Fire Magic
  2569 | D:3      | Reached skill level 1 in Ice Magic
  2569 | D:3      | Reached skill level 1 in Air Magic
  2569 | D:3      | Reached skill level 1 in Earth Magic
  2569 | D:3      | Reached skill level 1 in Poison Magic
  2777 | D:4      | Reached XP level 5. HP: 46/54 MP: 3/7
  2792 | D:4      | Reached **** piety under Uskayaw
  3003 | D:4      | You fall into a shaft and drop 3 floors!
  3003 | D:7      | Noticed a lemure
  3003 | D:7      | Noticed a lemure
  3003 | D:7      | Noticed a lemure
  3003 | D:7      | Noticed a lemure
  3003 | D:7      | Noticed Pikel
  3133 | D:7      | Found a hide-covered altar of Uskayaw.
  3419 | D:7      | Noticed a yak
  3419 | D:7      | Noticed a yak
  3419 | D:7      | Noticed a yak
  3419 | D:7      | Noticed a yak
  3429 | D:7      | Noticed a yak
  3456 | D:7      | Slain by a yak

Illustrated notes

Levels and vault maps discovered:
D:1:      nzn_arrival_depleted_hourglass, layout_loops_ring,
          dreamdust_ecumenical_altar_grove, item_on_display_a
D:2:      kb_forest_paths, layout_basic, basic_altar
D:3:      layout_rooms, serial_forest, infiniplex_forest_diagonal,
          infiniplex_forest_end_1, infiniplex_forest_straight_2,
          infiniplex_forest_lined_room_, infiniplex_forest_fountain,
          infiniplex_forest_clump_small
D:4:      layout_cave_pools, lightli_temple_of_fire
D:7:      layout_loops_corners, mainiacjoe_overflow_swirl,
          nicolae_overflow_crystal_walls, minmay_temple_entry_poolview,
          kennysheep_generic_room_3, uniq_pikel

Skill      XL: |  1  2  3  4  5 |
---------------+----------------+-----
Fighting       | | 10.4
Invocations    | 1 |  1.9
Short Blades   | 1 |  1.6
Long Blades    | 1 |  1.6
Axes           | 1 |  1.6
Maces & Flails | 1 |  1.6
Staves         | 1 |  1.6
Slings         | 1 |  1.6
Crossbows      | 1 |  1.6
Throwing       | 1 |  1.6
Dodging        | 1 |  1.6
Stealth        | 1 |  1.6
Shields        | 1 |  1.6
Unarmed Combat | 1 |  1.6
Spellcasting   | 1 |  1.6
Conjurations   | 1 |  1.3
Hexes          | 1 |  1.3
Summonings     | 1 |  1.3
Necromancy     | 1 |  1.3
Translocations | 1 |  1.3
Transmutations | 1 |  1.3
Fire Magic     | 1 |  1.3
Ice Magic      | 1 |  1.3
Air Magic      | 1 |  1.3
Earth Magic    | 1 |  1.3
Poison Magic   | 1 |  1.3
Polearms       | 3 |  3.1
Bows           | 3 |  3.1
Armour         | 3 |  3.1
Evocations     | |  4.8

Action                   |  1- 3 |  4- 6 || total
-------------------------+-------+-------++-------
Melee: Spear             |   159 |   103 ||   262
       Bite              |    23 |    18 ||    41
       Punch             |     1 |       ||     1
Invok: Stomp             |     2 |     2 ||     4
       Line Pass         |       |     1 ||     1
Evoke: Wand              |       |     1 ||     1
  Use: Potion            |     1 |     3 ||     4
       Scroll            |       |     3 ||     3
 Stab: Invisible         |     1 |       ||     1
       Paralysed         |       |     3 ||     3
Armor: Plate armour      |    83 |    21 ||   104
       Ring mail         |    16 |    22 ||    38
       Chain mail        |     1 |       ||     1
Dodge: Dodged            |    50 |    36 ||    86
